 Dungeon Crawl Stone Soup version 0.29-a0-841-g116ddc6ace (webtiles) character file.

Game seed: 14158698341264178537

143 reriks the Covered (level 5, -1/33 HPs)
             Began as a Gargoyle Fighter on July 14, 2022.
             Slain by an ice beast (6 damage)
             ... on level 3 of the Dungeon.
             The game lasted 00:03:31 (2389 turns).

reriks the Covered (Gargoyle Fighter)               Turns: 2389, Time: 00:03:31

Health: -1/33      AC: 13    Str: 21    XL:     5   Next: 25%
Magic:  5/5        EV:  9    Int:  9    God:
Gold:   79         SH:  4    Dex:  9    Spells: 4/4 levels left

rFire   . . .      SeeInvis .   a - +0 long sword
rCold   . . .      Faith    .   c - +0 buckler
rNeg    + . .      Spirit   .   b - +0 scale mail
rPois   ∞          Reflect  .   (no helmet)
rElec   +          Harm     .   (no cloak)
rCorr   .          Rampage  .   t - +1 Delatra's gloves {ID++}
Will    .....                   (no boots)
Stlth   ..........              m - amulet of regeneration
HPRegen 0.91/turn               (no ring)
MPRegen 0.09/turn               (no ring)

@: no status effects
A: sickness immunity, AC +4, negative energy resistance 1, electricity
resistance, torment resistance 1, petrification resistance
a: no special abilities


You were on level 3 of the Dungeon.
You visited 1 branch of the dungeon, and saw 3 of its levels.

You collected 79 gold pieces.

Inventory:

Hand Weapons
 a - a +0 long sword (weapon)
Missiles
 r - 4 boomerangs (quivered)
Armour
 b - a +0 scale mail (worn)
 c - a +0 buckler (worn)
 q - a +0 scale mail
 s - a +2 leather armour of cold resistance
 t - the +1 Delatra's gloves (worn) {ID++}
   (You found it on level 3 of the Dungeon)

   It heals its wearer when they drink unknown potions.
   It restores its wearer's MP when they read unknown scrolls.
Jewellery
 m - an amulet of regeneration (around neck)
Scrolls
 f - 2 scrolls of immolation {unknown}
 g - a scroll of fog {unknown}
 i - a scroll of identify {unknown}
 l - a scroll of torment {unknown}
 n - a scroll of amnesia {unknown}
 p - a scroll of magic mapping {unknown}
 u - a scroll of brand weapon {unknown}
 v - a scroll of poison {unknown}
 w - a scroll of vulnerability {unknown}
Potions
 d - a potion of might
 e - 2 potions of lignification {unknown}
 h - a potion of invisibility {unknown}
 j - a potion of heal wounds {unknown}
 k - a potion of degeneration {unknown}
 o - 2 potions of berserk rage {unknown}


   Skills:
 + Level 4.2 Fighting
 + Level 2.8 Long Blades
 + Level 4.2 Armour
 + Level 4.2 Shields


You had 4 spell levels left.
You didn't know any spells.
Your spell library contained the following spells:

 Spells                   Type           Power      Damage    Failure   Level
 Sting                    Tmut/Pois      0%         1d3       80%         1
 Olgreb's Toxic Radiance  Pois           0%         N/A       100%        4
 Ozocubu's Refrigeration  Ice            0%         4d5       100%        7
 Ignition                 Fire           0%         3d3       100%        8


Dungeon Overview and Level Annotations

Branches:
Dungeon (3/15)

Altars:
Trog

Shops:
D:2 =


Innate Abilities, Weirdness & Mutations

You are immune to sickness and miasma.
Your stone body is resilient. (AC +4)
You are immune to poison.
You resist negative energy. (rN+)
You are resistant to electric shocks. (rElec)
You are resistant to unholy torment.
You are immune to petrification.


Message History

You are too injured to fight recklessly!
You are too injured to fight recklessly!
You hit the ice beast.
The ice beast is severely wounded.
The ice beast hits you but does no damage.
You completely miss the ice beast.
The ice beast is severely wounded.
You block the ice beast's attack.
You barely miss the ice beast.
The ice beast is severely wounded.
The ice beast hits you but does no damage. x2
You hit the ice beast.
The ice beast is almost dead.
The ice beast hits you. The ice beast freezes you!
You closely miss the ice beast.
The ice beast is almost dead.
The ice beast barely misses you.
You hit the ice beast but do no damage.
The ice beast is almost dead.
The ice beast hits you but does no damage.
You block the ice beast's attack.
You hit the ice beast.
The ice beast is almost dead.
The ice beast hits you but does no damage.
You closely miss the ice beast.
The ice beast is almost dead.
The ice beast hits you but does no damage.
You barely miss the ice beast.
The ice beast is almost dead.
The ice beast closely misses you. x2
You closely miss the ice beast.
The ice beast is almost dead.
The ice beast hits you. The ice beast freezes you!
* * * LOW HITPOINT WARNING * * *
You barely miss the ice beast.
The ice beast is almost dead.
The ice beast hits you.
* * * LOW HITPOINT WARNING * * *
The ice beast freezes you.
You die...

)....#..#...##.#.# #.#
....##.##..###.#.# #.#
.#..#..##...##.#.# #.#
.####.###.#†##.#.#.#.#
...#..# #....#.#<#.#.#
##...#####.#.#.#.#.#.#
.###.#.............#.#
...#.#.####........#.#
##[..# #...##@#.#.#
.##.## ##..##Y# #.#
.#..# #...#.# #.#
##.## ##..#.# #.# #..#
#....# #.# #.## #....#
#.# ..# ..# #.# .##
...# #.# .# #.#


You could see an ice beast.

Vanquished Creatures
  A gnoll bouda (D:3)
  4 adders (D:3)
  A worm (D:3)
  2 dart slugs (D:2)
  9 orcs (D:3)
  5 endoplasms
  A giant cockroach (D:1)
  4 hobgoblins
  2 jackals (D:1)
  3 kobolds
  2 quokkas
  7 ball pythons
  7 bats
  5 frilled lizards
  6 goblins
  4 rats
63 creatures vanquished.

Notes
Turn   | Place    | Note
-------+----------+-------------------------------------------
     0 | D:1      | reriks the Gargoyle Fighter began the quest for the Orb.
     0 | D:1      | Reached XP level 1. HP: 14/14 MP: 1/1
    67 | D:1      | Found a faded altar of an unknown god.
    71 | D:1      | Got Plato's Secrets of Toxins
    81 | D:1      | You fall into a shaft and drop 1 floor!
   207 | D:2      | Reached XP level 2. HP: 18/19 MP: 2/2
   255 | D:2      | Found Amame's Jewellery Boutique.
   258 | D:2      | Found a bloodstained altar of Trog.
   659 | D:1      | Reached XP level 3. HP: 22/23 MP: 3/3
  1261 | D:3      | Reached XP level 4. HP: 29/29 MP: 4/4
  1513 | D:3      | Found the +1 Delatra's gloves {ID++}
  1767 | D:3      | Reached XP level 5. HP: 33/33 MP: 5/5
  2368 | D:3      | Noticed an ice beast
  2389 | D:3      | Slain by an ice beast

Illustrated notes

Levels and vault maps discovered:
D:1:      dpeg_arrival_erosion, layout_basic,
          shapermc_ecumenical_altar_rom_forum
D:2:      layout_basic, basic_altar, serial_shops, nicolae_shop_trees
D:3:      minmay_skewed_foursquare, layout_basic

Skill      XL: |  1  2  3  4 |
---------------+-------------+-----
Long Blades    | 2 |  2.8
Fighting       | 4 |  4.2
Armour         | 4 |  4.2
Shields        | 4 |  4.2

Action                   |  1- 3 |  4- 6 || total
-------------------------+-------+-------++-------
Melee: Long sword        |   118 |   142 ||   260
Armor: Scale mail        |    82 |    66 ||   148
Dodge: Dodged            |    64 |    55 ||   119
Block: Buckler           |    31 |    31 ||    62

Table legend: (Time is in decaauts)
 A = Elapsed time spent in this place.
 B = Non-inter-level travel time spent in this place.
 C = Inter-level travel time spent in this place.
 D = Time resting spent in this place.
 E = Time spent auto-exploring this place.
 F = Levels seen in this place.
 G = Mean time per level.
                   A        B        C        D        E       F      G
               +--------+--------+--------+--------+--------+-----+--------+
         Total |   2472 |   2438 |     34 |    434 |   1427 |   3 |  824.0 |
       Dungeon |   2472 |   2438 |     34 |    434 |   1427 |   3 |  824.0 |
               +--------+--------+--------+--------+--------+-----+--------+

Top non-repeatable levels by time:
     D:3: 1240 daAuts
     D:1: 638 daAuts
     D:2: 593 daAuts
